 Dungeon Crawl Stone Soup version 0.29-a0-653-gd47aff6735 (webtiles) character file.

Game seed: 12801070835464679551

218 zeratav the Shooter (level 5, -3/25 HPs)
             Began as a Spriggan Arcane Marksman on June 21, 2022.
             Was an Initiate of Dithmenos.
             Killed by divine providence
             ... invoked by an orc priest
              (14 damage)
             ... on level 4 of the Dungeon.
             The game lasted 00:06:22 (4090 turns).

zeratav the Shooter (Spriggan Arcane Marksman)      Turns: 4090, Time: 00:06:22

Health: -3/25      AC:  2    Str:  6    XL:     5   Next: 63%
Magic:  8/8        EV: 17    Int: 15    God:    Dithmenos [......]
Gold:   182        SH:  0    Dex: 17    Spells: 5/6 levels left

rFire   . . .      SeeInvis +   a - +0 shortbow {bow}
rCold   . . .      Faith    .   (shield currently unavailable)
rNeg    . . .      Spirit   .   b - +0 robe
rPois   .          Reflect  .   (helmet restricted)
rElec   .          Harm     .   (no cloak)
rCorr   .          Rampage  .   (gloves unavailable)
Will    .....                   (boots unavailable)
Stlth   ++........              (no amulet)
HPRegen 0.08/turn               (no ring)
MPRegen 0.11/turn               (no ring)

@: very quick
A: very small, no large weapons, unfitting armour, see invisible, speed 3
a: Renounce Religion


You were on level 4 of the Dungeon.
You worshipped Dithmenos.
Dithmenos was noncommittal.
You visited 2 branches of the dungeon, and saw 5 of its levels.

You collected 182 gold pieces.


Innate Abilities, Weirdness & Mutations

You are very small and have problems with some larger weapons.
You are too small for most types of armour.
You have supernaturally acute eyesight. (SInv)
You cover ground extremely quickly. (Speed+++)


   Skills:
 - Level 0.7 Fighting
 + Level 7.2 Bows
 - Level 2.6 Dodging
 - Level 1.3 Spellcasting
 - Level 3.6 Hexes


You had 5 spell levels left.
You knew the following spells:

 Your Spells              Type           Power      Damage    Failure   Level
a - Slow                  Hex            44%        N/A       5%          1

Your spell library contained the following spells:

 Spells                   Type           Power      Damage    Failure   Level
 Beastly Appendage        Tmut           2%         N/A       24%         1
 Wereblood                Tmut           1%         N/A       34%         2
 Inner Flame              Hex/Fire       6%         N/A       34%         3
 Portal Projectile        Hex/Tloc       12%        N/A       34%         3
 Cause Fear               Hex            5%         N/A       47%         4
 Ignite Poison            Fire/Tmut/Pois 1%         N/A       56%         3
 Spider Form              Tmut/Pois      1%         N/A       56%         3
 Haunt                    Necr/Summ      0%         N/A       100%        7
 Summon Horrible Things   Summ           0%         N/A       100%        8

Inventory:

Hand Weapons
 a - a +0 shortbow (weapon) {bow}
 l - a +0 dagger {short}
   (You took it off a goblin on level 2 of the Dungeon)
Armour
 b - a +0 robe (worn)
Jewellery
 r - a ring of fire
   (You found it on level 3 of the Dungeon)
Scrolls
 c - a scroll of vulnerability {!r!r}
 f - a scroll of blinking {unknown}
 h - 2 scrolls of identify {unknown}
 n - a scroll of enchant weapon {unknown}
 p - a scroll of brand weapon {unknown}
 q - a scroll of noise {unknown}
 s - a scroll of teleportation {unknown}
 u - a scroll of magic mapping {unknown}
 v - a scroll of poison {unknown}
Potions
 d - 2 potions of attraction {unknown}
 e - a potion of mutation {unknown}
 g - 2 potions of lignification {unknown}
 i - a potion of invisibility {unknown}
 j - a potion of berserk rage {unknown}
 k - 2 potions of curing {unknown}
 m - 2 potions of flight {unknown}
 o - 2 potions of brilliance {unknown}
 t - a potion of might {unknown}

Dungeon Overview and Level Annotations

Branches:
Dungeon (4/15) Zot: 21184  Temple (1/1) D:4 Zot: 5534

Altars:
Ashenzari
Cheibriados
Dithmenos
Fedhas
Gozag
Kikubaaqudgha
Makhleb
Nemelex Xobeh
Okawaru
Qazlal
Ru
Trog
Uskayaw
Vehumet
Wu Jian
Xom
Yredelemnul
Zin

##... .... .. .....>.
....##...##..... ......
.#..............##......
....... ..........##...#
....... #...#....##...#
....... #.⌠.#....##...#
.....([###...###..##...#
...o...@..........##...#
........[).>..⌠.........
........................
.....#.###...###........
.....#. #.⌠.#..........
.... #. #...#..........
... #. ................
... ####...##..........
#...##..........


You could see an orc priest.


Message History

You are too injured to fight recklessly!
You are too injured to fight recklessly!
Shoot: a) +0 shortbow {bow}
Press: ? - help, Q - select action, (/) - cycle Shift-Dir - straight line, f/p - orc wizard
Aim: an orc wizard, wielding a +0 dagger and wearing a +0 robe (56% to hit)
You shoot an arrow.
The arrow closely misses the orc wizard.
The orc wizard hits you with a +0 dagger.
* * * LOW HITPOINT WARNING * * *
HP[-3]
You take 3 damage, and now have 10/25 hp.
The orc wizard hits you but does no damage.
You climb downwards.
Welcome back to the Ecumenical Temple!
There is a staircase back to the Dungeon here.
The orc wizard gestures wildly while chanting.
The orc wizard flickers and vanishes for a moment.
You enter the shallow water.
Moving in this stuff is going to be slow.
HP[+1]
The orc wizard casts a spell at you. The puff of flame misses you.
You are engulfed in a cloud of scalding steam.
* * * LOW HITPOINT WARNING * * *
HP[-10]
You take 10 damage, and now have 1/25 hp.
MASSIVE DAMAGE!! (PAUSE) Shoot: a) +0 shortbow {bow}
Press: ? - help, Q - select action, (/) - cycle Shift-Dir - straight line, f - orc wizard
Aim: an orc wizard, wielding a +0 dagger and wearing a +0 robe (slightly transparent, 56% to hit)
You shoot an arrow. The arrow hits the orc wizard.
Shoot: a) +0 shortbow {bow}
Press: ? - help, Q - select action, (/) - cycle Shift-Dir - straight line, f/p - orc wizard
Aim: an orc wizard, wielding a +0 dagger and wearing a +0 robe (steam, lightly wounded, slightly transparent, 56% to hit)
You shoot an arrow.
The arrow closely misses the orc wizard.
Shoot: a) +0 shortbow {bow}
Press: ? - help, Q - select action, (/) - cycle Shift-Dir - straight line, f/p - orc wizard
Aim: an orc wizard, wielding a +0 dagger and wearing a +0 robe (lightly wounded, slightly transparent, 56% to hit)
You shoot an arrow. The arrow hits the orc wizard!
The orc wizard points at you and mumbles some strange words.
You easily resist.
Shoot: a) +0 shortbow {bow}
Press: ? - help, Q - select action, (/) - cycle Shift-Dir - straight line, f/p - orc wizard
Aim: an orc wizard, wielding a +0 dagger and wearing a +0 robe (severely wounded, slightly transparent, 56% to hit)
You shoot an arrow. The arrow hits the orc wizard.
You kill the orc wizard!
Dithmenos accepts your kill.
You hear a splash.
You hear a splash.
You start resting.
HP[+24]
Your hp is fully restored (25).
(D) Dungeon (T) Temple
Where to? (Enter - D:4, ? - help)
You enter the shallow water.
Moving in this stuff is going to be slow.
There is a staircase back to the Dungeon here.
You climb upwards.
Welcome back to the Dungeon!
There is a staircase to the Ecumenical Temple here.
Things that are here:
a +0 flail {mace}; an orc skeleton
There is a dry fountain, spattered with blood here.
Things that are here:
a +0 leather armour; a +0 flail {mace} You shoot an arrow.
The arrow closely misses the orc priest.
You shoot an arrow. The arrow hits the orc priest!
The orc priest invokes the aid of Beogh against you.
Pain shoots through your body!
HP[-7]
You take 7 damage, and now have 18/25 hp.
MASSIVE DAMAGE!! (PAUSE)
You are too injured to fight recklessly!
You are too injured to fight recklessly!
You are too injured to fight recklessly!
Shoot: a) +0 shortbow {bow}
Press: ? - help, Q - select action, (/) - cycle Shift-Dir - straight line, f/p - orc priest
Aim: an orc priest, wielding a +0 dagger (almost dead, 63% to hit)
You shoot an arrow.
The arrow closely misses the orc priest.
Shoot: a) +0 shortbow {bow}
Press: ? - help, Q - select action, (/) - cycle Shift-Dir - straight line, f/p - orc priest
Aim: an orc priest, wielding a +0 dagger (almost dead, 63% to hit)
You shoot an arrow.
The arrow hits the orc priest but does no damage.
The orc priest mumbles some strange prayers to Beogh against you.
Beogh smites you!
* * * LOW HITPOINT WARNING * * *
HP[-7]
You take 7 damage, and now have 11/25 hp.
MASSIVE DAMAGE!! (PAUSE) Shoot: a) +0 shortbow {bow}
Press: ? - help, Q - select action, (/) - cycle Shift-Dir - straight line, f/p - orc priest
Aim: an orc priest, wielding a +0 dagger (almost dead, 63% to hit)
You shoot an arrow.
The arrow hits the orc priest but does no damage.
The orc priest calls down the wrath of Beogh upon you.
Beogh smites you!
Ouch! That really hurt!
You die...

Skill      XL: |  1  2  3  4  5 |
---------------+----------------+-----
Bows           | 3 4 5 6 7 |  7.2
Fighting       | |  0.7
Dodging        | |  2.6
Spellcasting   | |  1.3
Hexes          | |  3.6

Action                   |  1- 3 |  4- 6 || total
-------------------------+-------+-------++-------
 Fire: Shortbow          |   106 |   155 ||   261
 Cast: Slow              |     4 |     5 ||     9
Armor: Robe              |     9 |     5 ||    14
Dodge: Dodged            |    44 |    35 ||    79

Levels and vault maps discovered:
D:1:      psy_arrival_whirlpool, layout_basic
D:2:      layout_loops_ring, minmay_misc_feat_encased, minmay_misc_feat_doors,
          dk_noncrumbling_3, kennysheep_cross_room, uniq_robin
D:3:      minmay_evil_eye, layout_loops_cross
D:4:      layout_basic, minmay_temple_entry_junction_2
Temple:   regret_index_temple_mists

Notes
Turn   | Place    | Note
-------+----------+-------------------------------------------
     0 | D:1      | zeratav the Spriggan Arcane Marksman began the quest for
                  | the Orb.
     0 | D:1      | Reached XP level 1. HP: 9/9 MP: 3/3
     0 | D:1      | magus.rc [v1.9.6]
   124 | D:1      | Reached skill level 3 in Bows
   225 | D:1      | Reached XP level 2. HP: 14/14 MP: 5/5
   363 | D:1      | Reached skill level 4 in Bows
   915 | D:2      | Reached XP level 3. HP: 15/17 MP: 6/6
  1372 | D:2      | Reached skill level 5 in Bows
  1469 | D:2      | Found the +3 woodcutter's axe {vorpal}
  1617 | D:2      | Reached XP level 4. HP: 21/21 MP: 7/7
  2066 | D:2      | Noticed Robin
  2087 | D:2      | Killed Robin
  2259 | D:2      | Reached skill level 6 in Bows
  2379 | D:3      | Reached XP level 5. HP: 15/25 MP: 8/8
  3040 | D:3      | You add the spells Ignite Poison, Haunt and Summon Horrible
                  | Things to your library.
  3040 | D:3      | Got Sif Muna's Handbook of Nocuous Companions
  3199 | D:3      | You pick up a book of Changes and begin reading...
  3199 | D:3      | You add the spells Beastly Appendage, Wereblood and Spider
                  | Form to your library.
  3588 | D:4      | Found a staircase to the Ecumenical Temple.
  3597 | Temple   | Entered the Ecumenical Temple
  3738 | Temple   | Became a worshipper of Dithmenos the Shadowed
  3762 | D:4      | Reached skill level 7 in Bows
  3776 | Temple   | HP: 1/25 [something] (10)]
  4090 | D:4      | Killed from afar by an orc priest

Vanquished Creatures
  2 orc wizards
  Robin (D:2)
  5 adders
  An ufetubus (D:3)
  2 dart slugs
  9 orcs
  4 ball pythons
  6 endoplasms
  5 giant cockroaches
  15 goblins
  8 hobgoblins
  6 jackals
  4 quokkas
  6 bats
  4 frilled lizards
  5 kobolds
  5 rats
88 creatures vanquished.

Table legend:
 A = Non-vault XP
 B = Vault XP
 C = Vault XP percentage of total XP
 D = Non-vault monster count
 E = Vault monster count
 F = Vault count percentage of total count
                 A         B        C        D         E       F
            +---------+---------+-------+---------+---------+-------
      Total |     255 |      57 |  18.3 |      71 |      17 |  19.3
            +---------+---------+-------+---------+---------+-------
        D:1 |      49 |       0 |   0.0 |      20 |       0 |   0.0
        D:2 |      78 |      34 |  30.4 |      25 |      11 |  30.6
        D:3 |      76 |      23 |  23.2 |      17 |       6 |  26.1
        D:4 |      19 |       0 |   0.0 |       8 |       0 |   0.0
     Temple |      33 |       0 |   0.0 |       1 |       0 |   0.0
            +---------+---------+-------+---------+---------+-------

Illustrated notes

Table legend:
 A = Kills in this place as a percentage of kills in entire the game.
 B = Kills by you in this place as a percentage of kills by you in the entire game.
 C = Kills by friends in this place as a percentage of kills by friends in the entire game.
 D = Other kills in this place as a percentage of other kills in the entire game.
 E = Experience gained in this place as a percentage of experience gained in the entire game.
 F = Experience gained in this place divided by the number of levels of this place that you have seen.
                   A       B       C       D       E      F
               +-------+-------+-------+-------+-------+----------------------
         Total | 100.0 | 100.0 |   N/A |   N/A | 100.0 |  62.4
       Dungeon |  98.9 |  98.9 |   N/A |   N/A |  89.4 |  69.8
        Temple |   1.1 |   1.1 |   N/A |   N/A |  10.6 |  33.0
               +-------+-------+-------+-------+-------+----------------------

Table legend: (Time is in decaauts)
 A = Elapsed time spent in this place.
 B = Non-inter-level travel time spent in this place.
 C = Inter-level travel time spent in this place.
 D = Time resting spent in this place.
 E = Time spent auto-exploring this place.
 F = Levels seen in this place.
 G = Mean time per level.
                   A        B        C        D        E       F      G
               +--------+--------+--------+--------+--------+-----+--------+
         Total |   3279 |   3184 |     95 |    509 |   2109 |   5 |  655.8 |
       Dungeon |   2814 |   2749 |     65 |    218 |   1996 |   4 |  703.5 |
        Temple |    465 |    436 |     29 |    291 |    113 |   1 |  465.0 |
               +--------+--------+--------+--------+--------+-----+--------+

Top non-repeatable levels by time:
     D:3: 951 daAuts
     D:2: 928 daAuts
     D:1: 875 daAuts
  Temple: 465 daAuts
     D:4: 60 daAuts
